Map: [ESL] Data-C

Players

Future

  • Race: Terran Terran
  • Spawn Location: 3:00

Scarlett - Winner!

  • Race: Zerg Zerg
  • Spawn Location: 9:00

Event: DreamHack SC2 Masters 2022 Atlanta (Online)

VOD

Have the link to the VOD?

Description

Time

  • Played on: Oct. 7, 2022, 5:06 p.m.
  • Length: 15:17

All games in this series

Show
View Real Time Build Order
Export as new Build Order

Future Terran 

Build Orders: Reaper Expand 

Get SALT Encoding   

  12  0:00  SCV  
  13  0:12  SCV  
  14  0:17  Supply Depot  
  14  0:24  SCV  
  15  0:39  SCV  
  15  0:40  Barracks  
  16  0:44  Refinery  
  16  0:51  SCV  
  17  1:03  SCV  
  18  1:15  SCV  
  19  1:27  Reaper, Orbital Command  
  20  1:39  Command Center  
  20  1:47  Supply Depot  
  20  1:53  SCV  
  21  1:59  Marine  
  22  2:05  SCV  
  22  2:08  Factory  
  23  2:17  SCV  
  23  2:22  Refinery  
  25  2:24  Barracks Reactor  
  25  2:29  SCV  
  25  2:41  SCV  
  26  2:51  Orbital Command  
  26  2:53  SCV  
  26  2:56  Refinery, Starport  
  27  3:05  SCV  
  27  3:07  Hellion x2  
  27  3:10  Marine  
  33  3:18  SCV  
  33  3:19  SCV  
  35  3:30  SCV  
  35  3:31  SCV  
  35  3:33  Viking  
  39  3:39  Fusion Core  
  39  3:41  Supply Depot  
  39  3:42  SCV  
  39  3:43  SCV  
  39  3:44  Hellion  
  39  3:46  Hellion  
  45  3:54  SCV  
  46  3:56  Starport  
  47  4:02  SCV  
  47  4:04  Supply Depot  
  47  4:07  Liberator  
  47  4:08  SCV  
  51  4:15  Supply Depot  
  52  4:17  SCV  
  52  4:20  SCV  
  53  4:27  Refinery  
  53  4:29  SCV  
  54  4:33  SCV  
  54  4:35  Hellion  
  54  4:36  Hellion  
  59  4:41  SCV  
  59  4:45  SCV  
  61  4:46  Supply Depot x2  
  61  4:50  Starport Tech Lab x2  
  61  4:55  SCV  
  61  4:57  Supply Depot, SCV  
  63  5:08  SCV  
  63  5:09  SCV  
  65  5:17  Battlecruiser  
  71  5:22  Battlecruiser  
  77  5:32  SCV x2  
  77  5:34  Supply Depot, Hellion x2  
  83  5:41  Armory  
  83  5:51  Supply Depot  
  83  5:57  Hellion x2  
  87  6:11  Command Center  
  87  6:21  Battlecruiser  
  93  6:28  Battlecruiser  
  93  6:32  Hellion x10  
  99  6:50  SCV x2, Factory  
  99  6:51  Factory  
  99  6:52  Weapon Refit  
  101  7:00  Hellion x2  
  97  7:02  SCV x2  
  97  7:04  Supply Depot  
  99  7:14  SCV x2  
  101  7:21  Hellion x2  
  105  7:26  SCV x2  
  107  7:32  Factory  
  107  7:33  Factory  
  107  7:38  SCV x2  
  106  7:48  Factory Tech Lab x2  
  106  7:50  SCV  
  97  7:51  SCV  
  95  7:58  Orbital Command  
  95  8:02  SCV  
  95  8:04  SCV, Refinery  
  87  8:06  Refinery  
  86  8:14  SCV  
  86  8:16  SCV  
  86  8:19  Cyclone x2, Factory Tech Lab  
  94  8:20  Mag-Field Accelerator, Factory Reactor  
  94  8:21  Infernal Pre-Igniter  
  94  8:24  SCV  
  94  8:25  Terran Vehicle Weapons Level 1  
  94  8:26  SCV  
  96  8:28  SCV  
  96  8:32  Hellion x2  
  101  8:38  Supply Depot, SCV  
  101  8:40  SCV  
  104  8:42  Supply Depot  
  104  8:43  Engineering Bay  
  104  8:44  Supply Depot  
  106  8:55  Cyclone  
  106  8:56  Cyclone x2, Hellion  
  106  8:57  Hellion x2  
  106  8:59  Hellion  
  120  9:03  Raven  
  120  9:08  Supply Depot  
  122  9:10  Supply Depot  
  122  9:15  Command Center  
  122  9:20  Hellion x3  
  122  9:21  Hellion  
  139  9:41  Thor x3  
  139  9:43  Hellion  
  150  9:48  Missile Turret  
  150  9:51  Missile Turret  
  150  9:57  Hellion  
  150  9:58  Hellion  
  154  10:10  Hellion  
  156  10:14  Factory  
  156  10:15  Factory  
  156  10:18  Factory  
  156  10:20  Terran Vehicle Weapons Level 2  
  156  10:24  Armory  
  156  10:30  Siege Tank x2  
  156  10:34  SCV x2  
  164  10:38  SCV  
  164  10:40  Siege Tank  
  168  10:47  SCV x2, Refinery  
  168  10:49  Refinery  
  170  10:52  SCV  
  170  11:01  Hellion, Factory Tech Lab x2  
  170  11:02  Factory Tech Lab  
  170  11:03  Planetary Fortress  
  172  11:04  SCV  
  172  11:06  SCV x2  
  175  11:12  Siege Tank x3  
  184  11:21  Command Center  
  184  11:23  Missile Turret, Sensor Tower  
  184  11:24  Missile Turret  
  184  11:36  Siege Tank  
  187  11:41  Siege Tank  
  187  11:44  Terran Vehicle And Ship Armor Level 1  
  182  12:03  Command Center  
  182  12:05  Command Center  
  182  12:09  Hellion x3  
  182  12:10  Hellion  
  190  12:23  Smart Servos, Drilling Claws  
  170  12:38  Thor x2  
  170  12:39  Thor x2  
  170  12:41  Thor  
  185  12:46  Thor  
  185  12:47  Hellion  
  185  12:48  Hellion  
  189  13:06  Hellion x2  
  172  13:17  Hellion x2  
  147  13:21  Thor x3  
  147  13:23  Orbital Command  
  150  13:27  Orbital Command  
  150  13:30  Hellion  
  150  13:33  Hellion  
  145  13:42  Hellion x2  
  145  13:43  Raven  
  145  13:46  Raven  
  153  13:51  Refinery  
  151  13:56  Hellion x2, Siege Tank x2  
  161  14:09  Siege Tank x2  
  170  14:10  Siege Tank  
  155  14:18  Hellion x3, Siege Tank  
  125  14:26  Hellion  
  125  14:28  Siege Tank  
  125  14:29  Siege Tank  
  106  14:41  Siege Tank x2  
  106  14:42  Siege Tank  
  106  14:44  Hellion  
  111  14:53  SCV  
Show
View Real Time Build Order
Export as new Build Order

Scarlett Zerg - Winner!

Build Orders: Hatch First 

Get SALT Encoding   

  12  0:00  Drone  
  13  0:12  Overlord  
  13  0:17  Drone  
  14  0:30  Drone x2  
  16  0:47  Hatchery  
  15  0:51  Drone  
  15  0:54  Drone  
  17  0:58  Drone  
  18  1:09  Extractor  
  17  1:13  Spawning Pool  
  17  1:17  Drone  
  17  1:20  Drone  
  18  1:29  Drone  
  19  1:38  Drone  
  20  1:50  Drone  
  21  2:00  Queen x2  
  25  2:01  Zergling x4  
  27  2:10  Drone  
  27  2:11  Overlord  
  28  2:21  Hatchery  
  27  2:24  Drone  
  28  2:31  Drone x2  
  29  2:39  Queen  
  29  2:40  Drone  
  32  2:48  Metabolic Boost  
  32  2:49  Overlord  
  32  2:53  Drone  
  33  3:07  Drone x3  
  33  3:12  Overlord  
  36  3:13  Queen  
  36  3:14  Drone x2  
  40  3:24  Drone x2  
  40  3:25  Drone x2  
  44  3:33  Queen  
  44  3:34  Queen  
  46  3:38  Drone x3  
  51  3:48  Zergling x4  
  53  3:49  Drone  
  53  3:53  Drone x3  
  57  3:57  Overlord  
  57  3:58  Drone  
  58  4:10  Overlord  
  58  4:16  Drone x5  
  63  4:21  Zergling x2  
  63  4:23  Queen, Overlord  
  64  4:31  Queen  
  64  4:37  Baneling Nest  
  64  4:38  Lair  
  65  4:40  Zergling x12  
  65  4:44  Spine Crawler  
  69  4:51  Extractor  
  68  4:54  Overlord x4  
  68  4:55  Drone x2  
  70  5:00  Spore Crawler  
  70  5:02  Overlord  
  70  5:03  Queen  
  70  5:05  Drone x2  
  73  5:11  Queen  
  75  5:19  Drone x7  
  82  5:27  Extractor  
  81  5:29  Hatchery  
  81  5:30  Drone x6  
  81  5:32  Evolution Chamber  
  81  5:35  Drone x4  
  88  5:40  Drone x3  
  90  5:49  Queen, Drone x2  
  94  5:50  Centrifugal Hooks  
  94  5:51  Overseer  
  94  5:59  Zerg Ground Armor Level 1  
  94  6:00  Extractor  
  93  6:05  Zergling x20  
  93  6:09  Drone  
  104  6:15  Hatchery  
  104  6:17  Zergling x10  
  108  6:21  Queen  
  108  6:22  Queen  
  112  6:26  Overlord  
  112  6:27  Overlord  
  112  6:33  Baneling x7  
  112  6:41  Extractor  
  112  6:42  Spire  
  112  6:44  Drone x7  
  112  6:45  Drone x2  
  119  6:47  Extractor  
  119  6:54  Drone x2  
  119  7:01  Hatchery  
  119  7:06  Spore Crawler  
  119  7:07  Drone x5  
  122  7:11  Spore Crawler  
  122  7:15  Spore Crawler  
  120  7:18  Overlord x6  
  120  7:26  Queen  
  120  7:27  Queen  
  120  7:28  Evolution Chamber  
  123  7:35  Drone x5  
  127  7:41  Baneling x2  
  127  7:42  Baneling x2  
  121  8:00  Hatchery  
  121  8:02  Drone x17  
  129  8:05  Zerg Flyer Weapons Level 1  
  129  8:10  Zerg Missile Weapons Level 1, Zerg Melee Weapons Level 1  
  127  8:23  Corruptor x6  
  127  8:26  Hatchery  
  138  8:27  Infestation Pit  
  138  8:31  Extractor  
  138  8:32  Corruptor x2, Extractor  
  139  8:37  Corruptor  
  139  8:40  Roach Warren  
  140  8:42  Zergling x4  
  140  8:45  Corruptor x2  
  146  8:49  Corruptor  
  148  9:11  Zergling x12  
  148  9:12  Hive  
  148  9:13  Pathogen Glands  
  148  9:14  Overlord, Burrow  
  148  9:15  Extractor, Overlord x2  
  153  9:18  Corruptor x2  
  153  9:20  Extractor  
  156  9:27  Glial Reconstitution  
  154  9:35  Drone x3  
  154  9:36  Drone  
  156  9:39  Infestor x3  
  162  9:49  Roach x6  
  174  9:59  Spine Crawler x2  
  171  10:03  Infestor  
  171  10:04  Infestor  
  175  10:09  Neural Parasite  
  175  10:10  Zerg Flyer Weapons Level 2  
  175  10:14  Baneling x5  
  175  10:22  Zerg Melee Weapons Level 2  
  175  10:25  Zerg Missile Weapons Level 2  
  175  10:33  Drone x2  
  177  10:39  Adrenal Glands  
  177  10:43  Extractor  
  177  10:45  Infestor x5, Hatchery  
  177  10:48  Extractor  
  174  10:50  Overlord  
  172  10:58  Zergling x2, Baneling x6  
  172  10:59  Zergling x18  
  172  11:00  Ravager  
  172  11:01  Ravager x5  
  172  11:03  Drone x3  
  191  11:04  Drone x3  
  191  11:05  Zergling x12  
  193  11:54  Corruptor x3  
  193  11:58  Spire  
  198  12:09  Baneling x11  
  198  12:21  Spore Crawler  
  198  12:22  Spine Crawler x2  
  194  12:23  Spine Crawler  
  194  12:28  Roach x4  
  164  12:45  Corruptor x2  
  164  12:49  Roach x10  
  185  12:57  Roach x7  
  196  12:59  Hatchery, Extractor  
  196  13:01  Extractor  
  196  13:03  Zergling x16  
  196  13:04  Zergling x8  
  188  13:08  Infestor x4  
  188  13:11  Zergling x22  
  188  13:12  Zergling x20  
  175  13:21  Zergling x12  
  175  13:23  Drone x7  
  167  13:30  Drone x3, Ravager x5  
  175  13:40  Hatchery  
  174  13:42  Roach x7  
  174  13:43  Baneling x2, Spine Crawler  
  174  13:44  Baneling x8  
  174  13:45  Spine Crawler  
  174  13:46  Greater Spire  
  198  13:53  Infestor x4  
  194  14:03  Ravager x5  
  194  14:05  Drone x2  
  178  14:18  Infestor x3  
  167  14:31  Roach x13  
  167  14:35  Roach x2  
  167  14:36  Roach x7  
  188  14:48  Drone x9  
  185  14:59  Ravager x2  
  196  15:00  Ravager x12  
  197  15:08  Ravager  
Tags
 
Add a new tag
Caveats
  • Supply blocks, unpowered buildings, or Contaminate may cause inaccurate times.
  • Supply counts are checked every 10 seconds.